[Event "ICC tourney 2565 (45 10)"]
[Site "Internet Chess Club"]
[Date "2021.05.15"]
[Round "4"]
[White "YIN, BENJAMIN:Ben2008"]
[Black "HOWARD, DEAN:edgehog"]
[Result "1/2-1/2"]
[ICCResult "Game drawn by mutual agreement"]
[WhiteElo "1923"]
[BlackElo "1975"]
[Opening "Caro-Kann: advance variation"]
[ECO "B12"]
[NIC "CK.04"]
[Time "18:31:52"]
[PlyCount "75"]
[TimeControl "2700+10"]

1. e4 c6 2. d4 d5 3. e5 Bf5 4. h4 h5 5. Bd3 Bxd3 6. Qxd3 e6 7. Nf3 c5 8. c3
Nc6 9. Nbd2 Qb6 10. O-O Nh6 11. dxc5 Bxc5 12. b4 Be7 13. g3 Ng4 14. Qe2 O-O
15. Nb3 Rad8 16. Bd2 g6 17. Nbd4 Nxd4 18. Nxd4 Qc7 19. Rfe1 Kh7 20. f3 Nh6
21. Qe3 Ng8 22. Rac1 Rfe8 23. Kh1 Bf8 24. g4 Bh6 25. Qd3 Qe7 26. g5 Bg7 27.
f4 Qd7 28. Be3 Ne7 29. Nb5 d4 30. Nxd4 Qd5+ 31. Kg1 Nf5 32. Bf2 Bf8 33. Qe2
Nxd4 34. Bxd4 a6 35. a3 Rc8 36. Qg2 Red8 37. Qxd5 Rxd5 38. Kf2 { Game drawn
by mutual agreement } 1/2-1/2

[Event "ICC tourney 2565 (45 10)"]
[Site "Internet Chess Club"]
[Date "2021.05.15"]
[Round "4"]
[White "WU, WILLIAM:chessw23"]
[Black "FILIPOVICH, DAVID MICHAEL:dmfcan"]
[Result "1/2-1/2"]
[ICCResult "Game drawn by repetition"]
[WhiteElo "1919"]
[BlackElo "2150"]
[Opening "Caro-Kann: advance variation"]
[ECO "B12"]
[NIC "CK.04"]
[Time "18:31:09"]
[PlyCount "79"]
[TimeControl "2700+10"]

1. e4 c6 2. d4 d5 3. e5 Bf5 4. Nf3 e6 5. Be2 Nd7 6. O-O h6 7. Nbd2 Ne7 8.
a4 a5 9. Re1 Nc8 10. Nf1 Be7 11. Ne3 Bh7 12. c4 dxc4 13. Bxc4 Ncb6 14. Bd3
Bxd3 15. Qxd3 Nd5 16. Nxd5 cxd5 17. Bd2 Qb6 18. Qb5 Bb4 19. Bxb4 axb4 20.
Qxb6 Nxb6 21. b3 Kd7 22. Rec1 Rhc8 23. Ne1 Rc3 24. Rxc3 bxc3 25. Rc1 Rc8
26. Kf1 f6 27. f4 fxe5 28. fxe5 Rf8+ 29. Ke2 Rf4 30. Kd3 Nc8 31. Rxc3 Ne7
32. Nf3 g5 33. h3 Nc6 34. Rc1 Nb4+ 35. Ke2 Re4+ 36. Kd2 Nc6 37. Kd3 Nb4+
38. Kd2 Nc6 39. Kd3 Nb4+ 40. Kd2 { Game drawn by repetition } 1/2-1/2

[Event "ICC tourney 2565 (45 10)"]
[Site "Internet Chess Club"]
[Date "2021.05.15"]
[Round "4"]
[White "VAKHIDOV, JAKHONGIR:TjkTiger"]
[Black "Minero Pineda, Sergio:SuperBueno"]
[Result "1-0"]
[ICCResult "Black resigns"]
[WhiteElo "2602"]
[BlackElo "2490"]
[Opening "English: Mikenas-Carls variation"]
[ECO "A18"]
[NIC "EO.57"]
[Time "18:31:35"]
[PlyCount "95"]
[TimeControl "2700+10"]

1. c4 Nf6 2. Nc3 e6 3. e4 d5 4. cxd5 exd5 5. e5 Ne4 6. Nf3 Nc6 7. Bb5 Be7
8. O-O O-O 9. Ne2 Bg4 10. Bxc6 bxc6 11. Nfd4 Bd7 12. d3 Nc5 13. Qc2 Qe8 14.
Be3 Ne6 15. Rac1 Nxd4 16. Bxd4 c5 17. Bxc5 Bxc5 18. Qxc5 Qxe5 19. Nd4 Rfe8
20. b3 a5 21. Nf3 Qf5 22. Qxc7 a4 23. b4 h6 24. h3 Rac8 25. Qa7 Rxc1 26.
Rxc1 Qf4 27. Qc7 Qxc7 28. Rxc7 Bb5 29. Rc3 Ba6 30. Nd4 Re1+ 31. Kh2 Rb1 32.
a3 Kf8 33. f4 Ke8 34. Kg3 Kd7 35. h4 g6 36. Kf2 h5 37. g3 Kd8 38. Ke3 Re1+
39. Kd2 Rg1 40. b5 Bb7 41. b6 Rg2+ 42. Kc1 Rxg3 43. Rc7 Rxd3 44. Nc2 Bc8
45. Nb4 Rxa3 46. Nc6+ Ke8 47. Rxc8+ Kd7 48. b7 { Black resigns } 1-0

[Event "ICC tourney 2565 (45 10)"]
[Site "Internet Chess Club"]
[Date "2021.05.15"]
[Round "4"]
[White "LEE, ALICE TERESA:binomialfactor"]
[Black "YERRA, SAI SNEHA:saisneha"]
[Result "1-0"]
[ICCResult "Black resigns"]
[WhiteElo "2173"]
[BlackElo "1927"]
[Opening "QGD: Ragozin variation"]
[ECO "D38"]
[NIC "NI.27"]
[Time "18:30:47"]
[PlyCount "107"]
[TimeControl "2700+10"]

1. d4 Nf6 2. c4 e6 3. Nf3 d5 4. Nc3 Bb4 5. cxd5 exd5 6. Bg5 c6 7. e3 O-O 8.
Bd3 h6 9. Bh4 Be6 10. O-O Nbd7 11. Ne5 Qc7 12. Bg3 Bd6 13. Nxd7 Qxd7 14.
Ne2 Rac8 15. Nf4 c5 16. dxc5 Rxc5 17. Qd2 Rfc8 18. Rac1 b6 19. Bb1 Bf5 20.
Nd3 R5c6 21. Rxc6 Rxc6 22. Bxd6 Qxd6 23. f3 a5 24. Nb4 Qxb4 25. Qxb4 axb4
26. Bxf5 g6 27. Bb1 Kf8 28. Kf2 Ke7 29. Rd1 Ke6 30. Ke2 Nd7 31. Bd3 Ne5 32.
e4 Nxd3 33. exd5+ Kxd5 34. Rxd3+ Ke6 35. Re3+ Kf6 36. Kd2 Rd6+ 37. Kc2 Rd4
38. Re4 Rxe4 39. fxe4 Ke5 40. Kb3 Kxe4 41. Kxb4 Ke3 42. Kb5 Kf2 43. g3 Kg2
44. Kxb6 Kxh2 45. a4 Kxg3 46. a5 f5 47. a6 f4 48. a7 f3 49. a8=Q f2 50. Qh1
g5 51. Kc5 g4 52. Kd4 Kf4 53. Kd3 g3 54. Ke2 { Black resigns } 1-0

[Event "ICC tourney 2565 (45 10)"]
[Site "Internet Chess Club"]
[Date "2021.05.15"]
[Round "4"]
[White "LIANG, YU-CHENG:Yucheng"]
[Black "LANCMAN, KYLE B.:Kyle2007"]
[Result "1/2-1/2"]
[ICCResult "Game drawn by mutual agreement"]
[WhiteElo "1929"]
[BlackElo "2032"]
[Opening "Nimzo-Indian: Fischer variation"]
[ECO "E43"]
[NIC "NI.12"]
[Time "18:30:40"]
[PlyCount "85"]
[TimeControl "2700+10"]

1. d4 Nf6 2. c4 e6 3. Nc3 Bb4 4. e3 b6 5. Bd3 Bb7 6. Nf3 O-O 7. O-O c5 8.
a3 Bxc3 9. bxc3 d5 10. cxd5 exd5 11. c4 cxd4 12. Nxd4 dxc4 13. Bxc4 Ba6 14.
Bxa6 Nxa6 15. Bb2 Qd7 16. Qf3 Qd5 17. Qxd5 Nxd5 18. Nf5 Nf6 19. Bxf6 gxf6
20. Rfd1 Rfd8 21. Kf1 Kf8 22. Ke2 Rac8 23. Rac1 Nc5 24. Rxd8+ Rxd8 25. Rc4
Ke8 26. Rh4 Rd3 27. Rxh7 Rxa3 28. h4 a5 29. Rh8+ Kd7 30. h5 Ra2+ 31. Kf3
Nd3 32. Nh4 Rxf2+ 33. Kg3 Re2 34. h6 Rxe3+ 35. Nf3 Ne5 36. h7 Ng6 37. Rg8
Re8 38. Nh4 Nh8 39. Nf5 a4 40. Nd6 Rd8 41. Nb7 Rc8 42. Nd6 Rd8 43. Nb7 {
Game drawn by mutual agreement } 1/2-1/2

[Event "ICC tourney 2565 (45 10)"]
[Site "Internet Chess Club"]
[Date "2021.05.15"]
[Round "4"]
[White "IVANOV, ALEXANDER:marble"]
[Black "PU, HENRY:hpu2005"]
[Result "1-0"]
[ICCResult "Black resigns"]
[WhiteElo "2494"]
[BlackElo "1955"]
[Opening "Ruy Lopez: 5.O-O"]
[ECO "C78"]
[NIC "RL.12"]
[Time "18:30:55"]
[PlyCount "153"]
[TimeControl "2700+10"]

1. e4 e5 2. Nf3 Nc6 3. Bb5 a6 4. Ba4 Nf6 5. O-O b5 6. Bb3 Bc5 7. a4 Bb7 8.
c3 d6 9. d4 Bb6 10. Bg5 h6 11. Bxf6 Qxf6 12. Bd5 O-O 13. dxe5 dxe5 14. Na3
Rfd8 15. Qe2 b4 16. Nc4 Rab8 17. Rfe1 bxc3 18. bxc3 Na5 19. Bxb7 Nxc4 20.
Bd5 Na5 21. g3 Bc5 22. Kg2 Rb6 23. Rab1 Rdb8 24. Rxb6 Rxb6 25. Qc2 Bd6 26.
Rb1 Bc5 27. Rxb6 Bxb6 28. Qe2 Bc5 29. h4 g6 30. Nh2 h5 31. Nf3 Kg7 32. Ng5
c6 33. Bxf7 Nb7 34. Ba2 Nd8 35. f3 a5 36. Qc4 Qf8 37. Ne6+ Nxe6 38. Qxe6
Qf6 39. Qd7+ Be7 40. Be6 g5 41. hxg5 Qxg5 42. Kf2 h4 43. gxh4 Qxh4+ 44. Ke2
Qg5 45. Bg4 Qf6 46. Kd3 Qd6+ 47. Qxd6 Bxd6 48. Bd7 Kf6 49. Bxc6 Ba3 50. Kc4
Bb2 51. Kd3 Ke6 52. Bb5 Kd6 53. Kc2 Ba3 54. Kb3 Bc1 55. Kc4 Bd2 56. Kd3 Bc1
57. Ke2 Kc5 58. Kf2 Bd2 59. c4 Kd4 60. Kg3 Bb4 61. Kg4 Ke3 62. Kf5 Bd6 63.
Ke6 Bb8 64. c5 Kxf3 65. Kd5 Kf4 66. c6 Kg5 67. Ke6 Kf4 68. Kd7 Kxe4 69. c7
Bxc7 70. Kxc7 Kd5 71. Kb6 Kd6 72. Kxa5 Kc7 73. Bd3 Kb7 74. Kb5 Ka7 75. a5
Ka8 76. Kb6 Kb8 77. a6 { Black resigns } 1-0

[Event "ICC tourney 2565 (45 10)"]
[Site "Internet Chess Club"]
[Date "2021.05.15"]
[Round "5"]
[White "YERRA, SAI SNEHA:saisneha"]
[Black "REVESZ, GREGORY:GRevesz"]
[Result "1-0"]
[ICCResult "Black resigns"]
[WhiteElo "1927"]
[BlackElo "2037"]
[Opening "Queen's pawn: English defense"]
[ECO "A40"]
[NIC "QO.17"]
[Time "21:01:58"]
[PlyCount "52"]
[TimeControl "2700+10"]

1. d4 b6 2. Nf3 Bb7 3. c4 e6 4. g3 d5 5. Bg2 dxc4 6. Qa4+ Bc6 7. Qxc4 Nf6
8. O-O Qc8 9. Nc3 Qb7 10. Bg5 Be7 11. Rfe1 b5 12. Qd3 b4 13. Nb1 Be4 14.
Qb3 Nbd7 15. Nbd2 Bd5 16. Qc2 Ne4 17. Bxe7 Kxe7 18. Nxe4 Bxe4 19. Qd2 Rhd8
20. Qg5+ Kf8 21. Rac1 a5 22. Qf4 Rac8 23. Ng5 Nf6 24. Nxh7+ Nxh7 25. Bxe4
Qb5 26. Bxh7 g6 { Black resigns } 1-0

[Event "ICC tourney 2565 (45 10)"]
[Site "Internet Chess Club"]
[Date "2021.05.15"]
[Round "5"]
[White "HOWARD, DEAN:edgehog"]
[Black "REMPE, JONAS JAKOB RAZA:Drachekokosnuss"]
[Result "1-0"]
[ICCResult "Black resigns"]
[WhiteElo "1975"]
[BlackElo "2100"]
[Opening "Ruy Lopez: exchange variation, Alapin gambit"]
[ECO "C68"]
[NIC "RL.08"]
[Time "21:01:42"]
[PlyCount "73"]
[TimeControl "2700+10"]

1. e4 e5 2. Nf3 Nc6 3. Bb5 a6 4. Bxc6 dxc6 5. O-O Bg4 6. h3 h5 7. d3 Qf6 8.
Nbd2 Bd6 9. Re1 Ne7 10. Nf1 Bxf3 11. Qxf3 Qxf3 12. gxf3 Ng6 13. Be3 O-O-O
14. Nd2 f6 15. Kh2 Nh4 16. Kg3 g5 17. Nc4 Ng6 18. Bd2 Rdg8 19. Ne3 Nf4 20.
Nf5 g4 21. Nxd6+ cxd6 22. Bxf4 exf4+ 23. Kxf4 gxh3 24. Rg1 h2 25. Rg3 h4
26. Rg4 Rg5 27. Rh1 Rb5 28. b3 Rc5 29. c4 Ra5 30. a4 b5 31. axb5 axb5 32.
Rxh2 bxc4 33. bxc4 d5 34. cxd5 cxd5 35. Rhxh4 Rxh4 36. Rxh4 Ra3 37. Ke3 {
Black resigns } 1-0

[Event "ICC tourney 2565 (45 10)"]
[Site "Internet Chess Club"]
[Date "2021.05.15"]
[Round "5"]
[White "VAKHIDOV, JAKHONGIR:TjkTiger"]
[Black "VENKATARAMAN, KARTHIK:karthikvap"]
[Result "1-0"]
[ICCResult "Black resigns"]
[WhiteElo "2602"]
[BlackElo "2623"]
[Opening "English: Caro-Kann defensive system"]
[ECO "A11"]
[NIC "EO.64"]
[Time "21:01:58"]
[PlyCount "75"]
[TimeControl "2700+10"]

1. c4 c6 2. Nc3 d5 3. d4 Nf6 4. cxd5 cxd5 5. Bf4 Nc6 6. e3 a6 7. Be2 Bf5 8.
Nf3 e6 9. Qb3 Bb4 10. Ne5 Bxc3+ 11. bxc3 Nxe5 12. Bxe5 O-O 13. Qxb7 Ne4 14.
Qb4 a5 15. Qa3 Rc8 16. Rc1 f6 17. Bg3 Qb6 18. f3 Nxg3 19. hxg3 Rc6 20. g4
Bg6 21. c4 dxc4 22. Bxc4 Rd8 23. O-O Kh8 24. Bb3 Rcd6 25. Rc5 e5 26. dxe5
fxe5 27. Qxa5 Qb8 28. Qc7 Qa8 29. Ra5 Qc8 30. Qxc8 Rxc8 31. Rxe5 Rd2 32.
Rd5 Re2 33. e4 Bf7 34. Rdd1 Bxb3 35. axb3 h5 36. Rf2 Rxf2 37. Kxf2 hxg4 38.
Rb1 { Black resigns } 1-0

[Event "ICC tourney 2565 (45 10)"]
[Site "Internet Chess Club"]
[Date "2021.05.15"]
[Round "5"]
[White "YIN, BENJAMIN:Ben2008"]
[Black "SALAZAR, MELANIE:msalazarg"]
[Result "0-1"]
[ICCResult "White resigns"]
[WhiteElo "1923"]
[BlackElo "2100"]
[Opening "French: exchange variation"]
[ECO "C01"]
[NIC "FR.01"]
[Time "21:01:41"]
[PlyCount "54"]
[TimeControl "2700+10"]

1. e4 e6 2. d4 d5 3. exd5 exd5 4. Nf3 Bd6 5. Bd3 Ne7 6. O-O Nbc6 7. c3 Bg4
8. h3 Bh5 9. Nbd2 Qd7 10. Qc2 Bg6 11. Re1 O-O-O 12. b4 Rde8 13. a4 f6 14.
b5 Nd8 15. c4 dxc4 16. Nxc4 Bxd3 17. Qxd3 Nd5 18. Rxe8 Rxe8 19. Ba3 Bxa3
20. Qxa3 Nf4 21. Qb2 Re2 22. Qc3 Kb8 23. Rd1 Qd5 24. Rc1 Ra2 25. Rc2 Ne2+
26. Rxe2 Rxe2 27. Ne3 Qd6 { White resigns } 0-1

[Event "ICC tourney 2565 (45 10)"]
[Site "Internet Chess Club"]
[Date "2021.05.15"]
[Round "5"]
[White "Minero Pineda, Sergio:SuperBueno"]
[Black "LEE, ALICE TERESA:binomialfactor"]
[Result "1-0"]
[ICCResult "Black resigns"]
[WhiteElo "2490"]
[BlackElo "2173"]
[Opening "QGD semi-Slav"]
[ECO "D43"]
[NIC "SL.03"]
[Time "21:01:42"]
[PlyCount "73"]
[TimeControl "2700+10"]

1. d4 d5 2. c4 c6 3. Nf3 Nf6 4. Nc3 e6 5. g3 dxc4 6. Bg2 Nbd7 7. a4 Bb4 8.
O-O O-O 9. Qc2 a5 10. Rd1 Qe7 11. Bf4 Nd5 12. Bg5 f6 13. Bd2 b6 14. e4 Nxc3
15. bxc3 Bd6 16. Rab1 Ba6 17. Re1 Rac8 18. e5 fxe5 19. dxe5 Bc5 20. Bg5 Qf7
21. Be3 Bxe3 22. Rxe3 h6 23. Nd4 c5 24. Nb5 Bxb5 25. Rxb5 Rcd8 26. Bf1 Qh5
27. f4 g5 28. Be2 Qf7 29. Rf3 Qh7 30. Qxh7+ Kxh7 31. Kf2 gxf4 32. gxf4 Rf7
33. Bxc4 Re8 34. Rb1 h5 35. Ke3 Rfe7 36. Rh3 Kh6 37. Be2 { Black resigns }
1-0

[Event "ICC tourney 2565 (45 10)"]
[Site "Internet Chess Club"]
[Date "2021.05.15"]
[Round "5"]
[White "HU, ALEXANDER C:ahu1015"]
[Black "SHEEHAN, ETHAN THOMAS:Chessking2008"]
[Result "0-1"]
[ICCResult "White resigns"]
[WhiteElo "2023"]
[BlackElo "2192"]
[Opening "Sicilian: accelerated fianchetto, modern variation with Bc4"]
[ECO "B35"]
[NIC "SI.33"]
[Time "21:01:43"]
[PlyCount "78"]
[TimeControl "2700+10"]

1. e4 c5 2. Nf3 g6 3. d4 cxd4 4. Nxd4 Nc6 5. Nc3 Bg7 6. Be3 Nf6 7. Bc4 O-O
8. Bb3 d6 9. f3 Bd7 10. Qd2 Rc8 11. O-O-O Ne5 12. h4 Nc4 13. Bxc4 Rxc4 14.
h5 Nxh5 15. g4 Nf6 16. Bh6 Nxe4 17. Nxe4 Rxd4 18. Qh2 Rxd1+ 19. Kxd1 Be5
20. Bf4 h5 21. gxh5 Bf5 22. hxg6 Bxg6 23. Bxe5 dxe5+ 24. Kc1 f6 25. Rg1 Kf7
26. Qe2 Qc8 27. Qd3 Bf5 28. c3 Rg8 29. Rxg8 Kxg8 30. Qe3 b6 31. Ng3 Bg6 32.
Qh6 Kf7 33. Ne4 Qc4 34. Qe3 Qxa2 35. f4 Qa1+ 36. Kc2 Qa4+ 37. Kd3 Qxe4+ 38.
Qxe4 Bxe4+ 39. Kxe4 exf4 { White resigns } 0-1

[Event "ICC tourney 2565 (45 10)"]
[Site "Internet Chess Club"]
[Date "2021.05.15"]
[Round "5"]
[White "BELOUS, VLADIMIR:Openyagami"]
[Black "HEBDEN, MARK L:mhebden"]
[Result "1-0"]
[ICCResult "Black resigns"]
[WhiteElo "2602"]
[BlackElo "2503"]
[Opening "King's Indian: 5.Nf3"]
[ECO "E90"]
[NIC "KI.20"]
[Time "21:01:45"]
[PlyCount "113"]
[TimeControl "2700+10"]

1. d4 Nf6 2. c4 g6 3. Nc3 Bg7 4. e4 d6 5. Nf3 O-O 6. h3 e5 7. d5 a5 8. Bg5
Na6 9. Be2 Bd7 10. Nd2 c6 11. O-O Nc5 12. Nb3 Na6 13. a3 a4 14. Nd2 Nc5 15.
Kh1 h6 16. Be3 Qa5 17. f4 exf4 18. Bxf4 Ne8 19. Nf3 cxd5 20. exd5 Qb6 21.
Nb5 Bxb5 22. cxb5 Nf6 23. Kh2 Nb3 24. Rb1 Qc5 25. Nd2 g5 26. Nxb3 axb3 27.
Bg3 Ne4 28. Be1 Rfe8 29. Qxb3 Nd2 30. Bxd2 Rxe2 31. Bb4 Qxb5 32. Qf3 Be5+
33. Kh1 Rf8 34. Rbe1 Rxe1 35. Rxe1 Rc8 36. b3 Qd7 37. a4 f5 38. Qd3 Kg7 39.
Bd2 f4 40. a5 Rf8 41. Bc3 Qf5 42. Bxe5+ dxe5 43. Qc3 f3 44. Qxf3 Qxf3 45.
gxf3 Rxf3 46. Kg2 Rxb3 47. Rxe5 Rb5 48. Kf3 Rxa5 49. Ke4 Ra4+ 50. Kf5 Kf7
51. Re6 Rf4+ 52. Ke5 Rh4 53. Rf6+ Ke7 54. d6+ Kd7 55. Rf7+ Kc6 56. Rc7+ Kb6
57. Rc3 { Black resigns } 1-0

[Event "ICC tourney 2565 (45 10)"]
[Site "Internet Chess Club"]
[Date "2021.05.15"]
[Round "5"]
[White "Vittal, Sanjana:MCTS13"]
[Black "PU, HENRY:hpu2005"]
[Result "0-1"]
[ICCResult "White resigns"]
[WhiteElo "2190"]
[BlackElo "1955"]
[Opening "Vienna game"]
[ECO "C28"]
[NIC "IG.04"]
[Time "21:01:48"]
[PlyCount "116"]
[TimeControl "2700+10"]

1. e4 e5 2. Bc4 Nc6 3. Nc3 Nf6 4. d3 Be7 5. f4 O-O 6. Nf3 d6 7. O-O Be6 8.
Bb3 exf4 9. Bxf4 d5 10. Ng5 Bg4 11. Qe1 h6 12. Nf3 dxe4 13. Nxe4 Nd4 14.
Nxd4 Qxd4+ 15. Kh1 a5 16. a4 Nxe4 17. dxe4 Be6 18. Qg3 Bg5 19. Bxc7 Qxe4
20. Rae1 Qc6 21. Bd6 Bxb3 22. cxb3 Bh4 23. Qxh4 Qxd6 24. Qe7 Qc6 25. Rc1
Qd5 26. b4 Rfe8 27. Qc5 Qxc5 28. bxc5 Rad8 29. Rf2 Rd4 30. b3 Re3 31. Rf3
Rdd3 32. Rxe3 Rxe3 33. Rb1 Rc3 34. Kg1 Rxc5 35. b4 axb4 36. Rxb4 Ra5 37.
Kf2 b6 38. Ke3 Kf8 39. Kd3 Ke7 40. Kc3 Rc5+ 41. Kb3 Rc6 42. Re4+ Re6 43.
Rg4 g5 44. Rc4 f5 45. h4 Kf6 46. hxg5+ hxg5 47. Rc2 f4 48. Kb4 Kf5 49. Kb5
g4 50. Rc8 f3 51. gxf3 gxf3 52. Rf8+ Rf6 53. Rd8 f2 54. Rd1 Kg4 55. Rc1 Kg3
56. a5 bxa5 57. Rc4 f1=Q 58. Kxa5 Rf5+ { White resigns } 0-1

[Event "ICC tourney 2565 (45 10)"]
[Site "Internet Chess Club"]
[Date "2021.05.15"]
[Round "5"]
[White "CHINCHILLA MIRANDA, EUGENIO:Chinchi"]
[Black "WU, WILLIAM:chessw23"]
[Result "0-1"]
[ICCResult "White forfeits on time"]
[WhiteElo "2330"]
[BlackElo "1919"]
[Opening "QGD: exchange, positional line"]
[ECO "D35"]
[NIC "QO.16"]
[Time "21:01:49"]
[PlyCount "64"]
[TimeControl "2700+10"]

1. d4 d5 2. c4 e6 3. Nc3 Nf6 4. cxd5 exd5 5. Bg5 Be7 6. e3 c6 7. Bd3 h6 8.
Bh4 Ne4 9. Bxe7 Qxe7 10. Qc2 Nd6 11. Nf3 Nd7 12. O-O O-O 13. Rae1 Nf6 14.
Ne5 Be6 15. f4 Rac8 16. f5 Bd7 17. Qf2 Nde4 18. Bxe4 dxe4 19. g4 Rfe8 20.
h3 c5 21. h4 Nh7 22. Nxe4 f6 23. Nxd7 Qxe4 24. Nxc5 Qxg4+ 25. Kh2 Qh5 26.
Nxb7 Ng5 27. Nc5 Rxc5 28. dxc5 Re4 29. Rc1 Rxh4+ 30. Qxh4 Qxh4+ 31. Kg2
Qh3+ 32. Kf2 Qf3+ { White forfeits on time } 0-1

[Event "ICC tourney 2565 (45 10)"]
[Site "Internet Chess Club"]
[Date "2021.05.15"]
[Round "5"]
[White "YANG Jr., ANDY:lemonoosa"]
[Black "ARIAS SANTANA, MAURICIO:Enemigoalacecho"]
[Result "1/2-1/2"]
[ICCResult "Game drawn by repetition"]
[WhiteElo "2078"]
[BlackElo "2420"]
[Opening "Queen's pawn: London system"]
[ECO "A45"]
[NIC "QP.07"]
[Time "21:01:45"]
[PlyCount "117"]
[TimeControl "2700+10"]

1. d4 Nf6 2. Bf4 d5 3. e3 c5 4. Nf3 Nc6 5. Nc3 a6 6. dxc5 e6 7. Bd3 Bxc5 8.
O-O O-O 9. e4 d4 10. Ne2 Re8 11. e5 Nd5 12. Bd2 Qc7 13. Nf4 Nxe5 14. Nxd5
exd5 15. Nxe5 Rxe5 16. Bf4 f6 17. Qf3 Be6 18. Rae1 Bd6 19. Bxe5 fxe5 20.
Bf5 Bf7 21. Qh3 g6 22. Be6 e4 23. f3 e3 24. f4 Re8 25. Bxf7+ Qxf7 26. f5
Bb4 27. c3 dxc3 28. fxg6 Qxg6 29. Rf4 Re4 30. Qc8+ Re8 31. Qxb7 Bd6 32.
Qxd5+ Kg7 33. Qd4+ Be5 34. Qd7+ Kh8 35. Rg4 Qe6 36. Qxe6 Rxe6 37. bxc3 Bxc3
38. Re2 Bd2 39. h4 Re5 40. a4 a5 41. Kh2 Rf5 42. Rg5 Rf4 43. g3 Rxa4 44.
Kg2 Rc4 45. Rd5 a4 46. Rdxd2 exd2 47. Rxd2 a3 48. Rd8+ Kg7 49. Ra8 Rc2+ 50.
Kf3 a2 51. g4 Kf6 52. Kf4 Rf2+ 53. Kg3 Rb2 54. Kf4 Rf2+ 55. Kg3 Re2 56. Kf4
Rf2+ 57. Kg3 Rb2 58. Kf4 Rf2+ 59. Kg3 { Game drawn by repetition } 1/2-1/2

[Event "ICC tourney 2565 (45 10)"]
[Site "Internet Chess Club"]
[Date "2021.05.15"]
[Round "5"]
[White "Volkov, Sergey:Volkov"]
[Black "IVANOV, ALEXANDER:marble"]
[Result "1-0"]
[ICCResult "Black forfeits on time"]
[WhiteElo "2607"]
[BlackElo "2494"]
[Opening "Nimzo-Indian: Kmoch variation"]
[ECO "E20"]
[NIC "NI.30"]
[Time "21:01:43"]
[PlyCount "109"]
[TimeControl "2700+10"]

1. d4 Nf6 2. c4 e6 3. Nc3 Bb4 4. f3 d5 5. a3 Bd6 6. c5 Be7 7. b4 a5 8. b5
c6 9. e3 b6 10. cxb6 c5 11. dxc5 Bxc5 12. Na4 Bd6 13. Bb2 Nbd7 14. e4 O-O
15. Ne2 Bb7 16. Qd2 Nc5 17. Nxc5 Bxc5 18. Ng3 dxe4 19. Qg5 Qe7 20. fxe4
Rac8 21. Bd3 Rfd8 22. Rf1 h6 23. Bxf6 hxg5 24. Bxe7 Bxe7 25. Ke2 Rc3 26.
Rfd1 Bc5 27. e5 Bxb6 28. Be4 Re3+ 29. Kf1 Rxd1+ 30. Rxd1 Bxe4 31. Rd6 Bc5
32. Nxe4 Rxe4 33. b6 Bxb6 34. Rxb6 Rxe5 35. Ra6 Kh7 36. Kf2 Kg6 37. Kf3 Rc5
38. a4 Kf6 39. Ra7 Rf5+ 40. Kg3 Kg6 41. Ra6 Re5 42. h3 f5 43. Kf3 Kf6 44.
Ra7 g6 45. Kf2 Rc5 46. Kf3 Ke5 47. Rg7 Rc3+ 48. Kf2 Rc4 49. Rxg6 g4 50. h4
Rc2+ 51. Kf1 Ra2 52. h5 Ra3 53. h6 Rxa4 54. Kg1 Ra1+ 55. Kh2 { Black
forfeits on time } 1-0